 Dungeon Crawl Stone Soup version 0.27.1-34-g3ba077fa99 (webtiles) character file.

Game seed: 6430900025546219079

9690 ticklebelly the Fighter (level 11, -12/105 HPs)
             Began as a Minotaur Berserker on Jan 8, 2022.
             Was an Elder of Trog.
             Mangled by a seven-headed hydra (13 damage)
             ... on level 1 of the Orcish Mines.
             The game lasted 00:22:19 (10310 turns).

ticklebelly the Fighter (Minotaur Berserker)       Turns: 10310, Time: 00:22:19

Health: -12/105    AC: 18    Str: 25    XL:     11   Next: 26%
Magic:  10/10      EV:  9    Int:  4    God:    Trog [****..]
Gold:   586        SH:  0    Dex: 10    Spells: 10/10 levels left

rFire    . . .     SeeInvis .   p - +5 flail (vorpal)
rCold    + . .     Faith    .   (no shield)
rNeg     . . .     Spirit   .   A - +4 chain mail {rC+}
rPois    +         Reflect  .   (helmet restricted)
rElec    .         Harm     .   (no cloak)
rCorr    .         Rampage  .   t - +0 pair of gloves
Will     .....                  (no boots)
Stlth    ..........             (no amulet)
HPRegen  0.27/turn              g - ring of poison resistance
MPRegen  0.12/turn              (no ring)

@: no status effects
A: horns 2, retaliatory headbutt
a: Renounce Religion, Berserk, Trog's Hand, Brothers in Arms


You were on level 1 of the Orcish Mines.
You worshipped Trog.
Trog was greatly pleased with you.
You visited 2 branches of the dungeon, and saw 11 of its levels.

You collected 586 gold pieces.

Inventory:

Hand Weapons
 a - a +2 battleaxe
 p - a +5 vorpal flail (weapon)
Missiles
 q - 5 boomerangs (quivered)
Armour
 t - a +0 pair of gloves (worn)
 u - a +0 plate armour
 x - a +0 kite shield
 A - a +4 chain mail of cold resistance (worn)
Jewellery
 g - a ring of poison resistance (left hand)
Wands
 s - a wand of iceblast (12)
 y - a wand of paralysis (5)
 B - a wand of flame (9)
Scrolls
 b - 3 scrolls of teleportation {unknown}
 c - 12 scrolls of identify {unknown}
 e - 3 scrolls of enchant armour {unknown}
 f - a scroll of brand weapon {unknown}
 h - 4 scrolls of magic mapping {unknown}
 o - 4 scrolls of blinking {unknown}
 r - a scroll of summoning {unknown}
 v - a scroll of vulnerability {unknown}
 w - a scroll of noise {unknown}
Potions
 d - a potion of resistance {unknown}
 i - 4 potions of curing {unknown}
 j - a potion of degeneration {unknown}
 k - 2 potions of might {unknown}
 l - a potion of attraction {unknown}
 m - 3 potions of cancellation {unknown}
 n - 3 potions of heal wounds {unknown}
 z - a potion of haste
 C - a potion of lignification {unknown}


   Skills:
 + Level 12.4 Fighting
 + Level 12.4 Axes
 + Level 12.2 Armour
 - Level 2.1 Dodging


You had 10 spell levels left.
You didn't know any spells.
Your spell library was empty.

Dungeon Overview and Level Annotations

Branches:
Dungeon (9/15)             Temple (0/1) D:7             Orc (2/2) D:9
   Lair: D:8-11         Elf: Orc:2

Altars:
Cheibriados
Dithmenos
Qazlal
Ru
Sif Muna

Shops:
D:7 *

Annotations:
Orc:2 Donald


Innate Abilities, Weirdness & Mutations

You have a pair of horns on your head.
You reflexively headbutt those who attack you in melee.


Message History

The seven-headed hydra barely misses you.
The seven-headed hydra bites you! The seven-headed hydra bites you.
The seven-headed hydra bites you but does no damage.
You barely miss the seven-headed hydra.
The seven-headed hydra barely misses you.
The seven-headed hydra bites you!
The seven-headed hydra bites you but does no damage. x2
The seven-headed hydra barely misses you.
The seven-headed hydra bites you but does no damage. x2
You barely miss the seven-headed hydra. The seven-headed hydra bites you. x2
The seven-headed hydra bites you but does no damage. x2
The seven-headed hydra bites you. x2
The seven-headed hydra bites you but does no damage.
The boulder beetle curls into a ball and begins rolling!
The seven-headed hydra bites you.
* * * LOW HITPOINT WARNING * * *
The seven-headed hydra bites you.
* * * LOW HITPOINT WARNING * * *
The seven-headed hydra bites you but does no damage.
The seven-headed hydra barely misses you.
The seven-headed hydra bites you but does no damage. x2
The seven-headed hydra bites you!
* * * LOW HITPOINT WARNING * * *
You climb downwards.
Welcome back to the Orcish Mines!
There is a staircase back to the Dungeon here.
Your two-headed ogre goes berserk!
The seven-headed hydra bites you.
* * * LOW HITPOINT WARNING * * *
The seven-headed hydra bites you but does no damage. x2
The seven-headed hydra bites you.
* * * LOW HITPOINT WARNING * * *
The seven-headed hydra bites you.
* * * LOW HITPOINT WARNING * * *
The seven-headed hydra bites you but does no damage.
The seven-headed hydra bites you!
* * * LOW HITPOINT WARNING * * *
You hit the seven-headed hydra.
The seven-headed hydra is lightly wounded.
The seven-headed hydra bites you!
You die...

.................
................#
................#.
#.................
.....##.........#.
.....#....#.......
.........)[.......
........#[>.......
.......@.[.......#
......DO[.......##
................#
#.................
##......#......##.
##.............#
##...........##
.............
...... ......#


You could see a seven-headed hydra (ally target) and a friendly two-headed ogre
(summoned, berserk).

Vanquished Creatures
  Harold (D:8)
  A two-headed ogre (D:8)
  Joseph (D:8)
  A kobold demonologist (D:7)
  Grinder (D:3)
  A shadow (D:9)
  A wyvern (D:7)
  10 yaks (D:8)
  2 steam dragons
  Edmund (D:4)
  2 water moccasins (D:6)
  5 orc warriors
  2 sky beasts
  A black bear (D:5)
  4 centaurs (D:7)
  2 ogres
  5 kobold brigands
  Blork the orc (D:5)
  2 bullfrogs
  6 scorpions
  A gnoll sergeant (D:6)
  A water moccasin skeleton (D:5)
  17 killer bees
  5 wights (D:8)
  A jelly (D:4)
  7 orc priests
  2 gnoll shamans
  A bullfrog skeleton (D:5)
  4 hounds
  2 iguanas
  10 orc wizards
  A hound skeleton (D:5)
  2 howler monkey zombies
  Robin (D:3)
  18 gnolls
  6 adders
  A howler monkey skeleton (D:4)
  3 shadow imps (D:7)
  A white imp (D:5)
  An ufetubus (D:6)
  3 worms
  2 dart slugs (D:5)
  35 orcs
  4 bats
  3 endoplasms
  A giant cockroach (D:1)
  16 goblins
  6 hobgoblins
  2 quokkas
  4 ball pythons
  2 frilled lizards
  16 kobolds
  3 rats
232 creatures vanquished.

Vanquished Creatures (collateral kills)
  4 cyclopes (D:9)
  A wight (D:8)
  2 orc wizards (D:8)
  A centaur simulacrum (D:9)
  2 orcs (D:8)
10 creatures vanquished.

Vanquished Creatures (others)
  3 wights (D:8)
  A plant (D:2)
4 creatures vanquished.

Grand Total: 246 creatures vanquished

Notes
Turn   | Place    | Note
-------+----------+-------------------------------------------
     0 | D:1      | ticklebelly the Minotaur Berserker began the quest for the
                  | Orb.
     0 | D:1      | Reached XP level 1. HP: 19/19 MP: 0/0
   385 | D:1      | Reached XP level 2. HP: 27/27 MP: 1/1
   437 | D:1      | Found a faded altar of an unknown god.
   894 | D:2      | Reached ** piety under Trog
  1378 | D:2      | Reached XP level 3. HP: 30/33 MP: 2/2
  1929 | D:3      | Noticed Grinder
  1936 | D:3      | Killed Grinder
  1937 | D:3      | Reached skill level 5 in Fighting
  1937 | D:3      | Reached skill level 5 in Axes
  1937 | D:3      | Reached XP level 4. HP: 42/42 MP: 3/3
  1937 | D:3      | Reached XP level 5. HP: 48/48 MP: 4/4
  2109 | D:3      | Noticed a sky beast
  2120 | D:3      | Killed a sky beast
  2121 | D:3      | Reached XP level 6. HP: 38/57 MP: 5/5
  2251 | D:3      | Noticed Robin
  2267 | D:3      | Reached skill level 5 in Armour
  2285 | D:3      | Killed Robin
  2470 | D:4      | Found a stormy altar of Qazlal.
  2678 | D:4      | Noticed Edmund
  2693 | D:4      | Killed Edmund
  2694 | D:4      | Reached XP level 7. HP: 27/64 MP: 6/6
  4051 | D:5      | Entered Level 5 of the Dungeon
  4051 | D:5      | Noticed Blork the orc
  4364 | D:5      | Killed Blork the orc
  4365 | D:5      | Reached XP level 8. HP: 66/73 MP: 7/7
  4501 | D:5      | Found a shimmering blue altar of Sif Muna.
  4662 | D:5      | Reached *** piety under Trog
  4920 | D:5      | Found a snail-covered altar of Cheibriados.
  5389 | D:6      | Reached XP level 9. HP: 72/82 MP: 8/8
  5618 | D:6      | Found a shadowy altar of Dithmenos.
  5627 | D:6      | Found a sacrificial altar of Ru.
  6271 | D:7      | Reached **** piety under Trog
  6437 | D:7      | Found Fojuivem's Assorted Antiques.
  6617 | D:7      | Reached skill level 10 in Fighting
  6617 | D:7      | Reached skill level 10 in Axes
  6905 | D:7      | Found a staircase to the Ecumenical Temple.
  6941 | D:7      | Noticed a kobold demonologist
  6943 | D:7      | Noticed a soul eater
  6947 | D:7      | Killed a kobold demonologist
  6948 | D:7      | Reached skill level 10 in Armour
  7489 | D:8      | Noticed Harold
  7501 | D:8      | Killed Harold
  7502 | D:8      | Reached XP level 10. HP: 48/94 MP: 9/9
  8740 | D:8      | Noticed Joseph
  8755 | D:8      | Killed Joseph
  8893 | D:8      | Noticed a two-headed ogre
  8900 | D:8      | Killed a two-headed ogre
  9177 | D:9      | Identified the +7 broad axe "Hiupn" {pain, rF- rCorr Str+6
                  | Stlth+}
  9254 | D:9      | Reached XP level 11. HP: 82/104 MP: 10/10
  9835 | D:9      | Found a staircase to the Orcish Mines.
  9878 | D:9      | Noticed a seven-headed hydra
  9881 | D:9      | Noticed a boulder beetle
  9898 | Orc:1    | Entered Level 1 of the Orcish Mines
  9909 | Orc:2    | Entered Level 2 of the Orcish Mines
 10186 | Orc:2    | Noticed Donald
 10309 | Orc:1    | HP: 1/105 [seven-headed hydra (9)]
 10310 | Orc:1    | Mangled by a seven-headed hydra

Illustrated notes

Levels and vault maps discovered:
D:1:      noname_arrival_rooms_in_the_neighbourhood, layout_rooms,
          shapermc_ecumenical_altar_venn
D:2:      cheibrodos_old_hovel, layout_basic
D:3:      layout_rooms, uniq_grinder, uniq_robin
D:4:      layout_loops_ring, grunt_qazlal_sundering, uniq_edmund
D:5:      layout_rooms, mainiacjoe_overflow_catch_the_wave, uniq_blork_the_orc
D:6:      layout_cave_pools, mainiacjoe_overflow_paths, grunt_dithmenos_smoke
D:7:      layout_basic, temple_doors_cd, serial_shops, kennysheep_mini
D:8:      layout_basic, lemuel_flame_loot_1, uniq_harold, uniq_joseph
D:9:      minmay_the_grid_triangle_9x9_rhombus_thin_mashed
          [minmay_the_grid_triangle_9x9_semitri,
          minmay_the_grid_triangle_9x9_prize_center,
          minmay_the_grid_triangle_9x9_descending_squares,
          minmay_the_grid_triangle_9x9_windchime], layout_basic,
          erik_lair_dragon
Orc:1:    orc_temple, layout_caves, nooodl_orcs_dogs
Orc:2:    st_orc_open, layout_diamond_mine, basic_altar, uniq_maurice,
          uniq_erolcha, uniq_donald

Skill      XL: |  1  2  3  4  5  6  7  8  9 10 11 |
---------------+----------------------------------+-----
Axes           | 4 5 6 7 8 10 12 | 12.4
Fighting       | 4 5 6 7 8 10 12 | 12.4
Armour         | 3 4 5 6 8 10 11 12 | 12.2
Dodging        | |  2.1

Action                   |  1- 3 |  4- 6 |  7- 9 | 10-12 || total
-------------------------+-------+-------+-------+-------++-------
Melee: Hand axe          |    76 |    56 |       |       ||   132
       Headbutt          |    17 |     6 |    49 |    38 ||   110
       Flail             |       |       |   254 |    61 ||   315
       Battleaxe         |       |       |       |   115 ||   115
Throw: Boomerang         |       |       |       |    28 ||    28
Invok: Berserk           |     1 |     2 |     4 |     2 ||     9
       Trog's Hand       |     1 |     1 |     2 |     4 ||     8
       Brothers in Arms  |       |       |       |     3 ||     3
Armor: Animal skin       |     6 |       |       |       ||     6
       Ring mail         |    11 |       |       |       ||    11
       Scale mail        |     2 |    17 |    39 |       ||    58
       Plate armour      |       |       |   131 |    13 ||   144
       Chain mail        |       |       |       |   115 ||   115
Dodge: Dodged            |    46 |    22 |   170 |    82 ||   320
